 Dungeon Crawl Stone Soup version 0.22.1-2-g9c5b331383 (webtiles) character file.

9917 Cykl0x the Cleaver (level 11, -9/103 HPs)
             Began as a Gargoyle Fighter on Nov 21, 2018.
             Was a High Priest of Okawaru.
             Mangled by esho's ghost (16 damage)
             ... on level 11 of the Dungeon.
             The game lasted 00:28:43 (10808 turns).

Cykl0x the Cleaver (Gargoyle Fighter)              Turns: 10808, Time: 00:28:44

Health: -9/103     AC: 25    Str: 21    XL:     11   Next: 54%
Magic:  6/11       EV:  2    Int:  9    God:    Okawaru [*****.]
Gold:   371        SH: 14    Dex: 11    Spells: 10/10 levels left

rFire    . . .     SeeInvis +   M - +4 war axe
rCold    . . .     Gourm    .   c - +2 shield
rNeg     + + +     Faith    .   (armour currently unavailable)
rPois    ∞         Spirit   .   (helmet currently unavailable)
rElec    .         Reflect  .   (cloak currently unavailable)
rCorr    +         Harm     .   (gloves currently unavailable)
MR       .....     NoTele   +   (boots currently unavailable)
Stlth    ++........             (no amulet)
HPRegen  0.27/turn              y - ring of see invisible
MPRegen  0.12/turn              L - ring of resist corrosion

@: tree-form, berserk cooldown, slowed, very slow
A: negative energy resistance 1, petrification resistance, rot immunity, AC +8
a: Heroism, Finesse, Renounce Religion


You were on level 11 of the Dungeon.
You worshipped Okawaru.
Okawaru was extremely pleased with you.
You were not hungry.
You were a tree.
You visited 2 branches of the dungeon, and saw 12 of its levels.
You also visited: Sewer.

You collected 455 gold pieces.
You spent 84 gold pieces at shops.

Inventory:

Hand Weapons
 M - a +4 war axe (weapon)
Missiles
 h - 351 stones
 k - 19 tomahawks
 E - 8 javelins of penetration (quivered)
 I - 2 tomahawks of returning
Armour
 c - a +2 shield (worn)
 t - a +0 pair of boots (melded)
 z - a +0 plate armour (melded)
 A - a +0 helmet (melded)
Jewellery
 e - a +3 ring of strength
 o - a +3 ring of intelligence
 y - a ring of see invisible (left branch)
 L - a ring of resist corrosion (right branch)
Wands
 m - a wand of flame (19)
 r - a wand of paralysis (16)
 u - a wand of polymorph (11)
 B - a wand of scattershot (8)
 D - a wand of disintegration (13)
 F - a wand of digging (16)
Scrolls
 j - 3 scrolls of fear
 n - 7 scrolls of remove curse
 p - 3 scrolls of fog
 q - 4 scrolls of magic mapping
 x - 2 scrolls of teleportation
Potions
 b - a potion of haste
 d - a potion of cancellation
 i - 2 potions of degeneration
 l - 6 potions of flight
 s - a potion of invisibility
 w - a potion of lignification
 C - a potion of agility {unknown}
 G - a potion of brilliance {unknown}
 H - a potion of resistance {unknown}
 J - a potion of ambrosia {unknown}
Comestibles
 a - 6 chunks of flesh
 f - 24 rations


   Skills:
 + Level 8.3 Fighting
 + Level 10.9 Axes
 + Level 1.4 Throwing
 + Level 8.3 Armour
 + Level 1.7 Dodging
 + Level 1.6 Stealth
 + Level 9.8 Shields


You had 10 spell levels left.
You didn't know any spells.
Your spell library contained the following spells:

 Spells                   Type           Power        Failure   Level  Hunger
 Animate Skeleton         Necr           N/A          61%         1    ##.....
 Apportation              Tloc           #.....       61%         1    ##.....
 Confusing Touch          Hex            #.....       61%         1    ##.....
 Summon Small Mammal      Summ           #...         61%         1    ##.....


Dungeon Overview and Level Annotations

Branches:
Dungeon (11/15)            Temple (1/1) D:7            Lair (0/6) D:10
    Orc: D:9-12

Altars:
Ashenzari
Cheibriados
Dithmenos
Elyvilon
Fedhas
Gozag
Hepliaklqana
Kikubaaqudgha
Makhleb
Nemelex Xobeh
Okawaru
Qazlal
Ru
Sif Muna
Trog
Uskayaw
Vehumet
Wu Jian
Xom
Yredelemnul
Zin
The Shining One

Shops:
D:7 ?

Annotations:
D:11 esho's ghost, journeyman MiBe


Innate Abilities, Weirdness & Mutations

You are resistant to torment.
((Your stone body is resilient. (AC +8)))
You are immune to poison.
You resist negative energy. (rN+)
((You are resistant to electric shocks. (rElec)))
((You can survive without breathing.))
You are immune to petrification.
You are immune to rotting.


Message History

You slash esho's ghost! You closely miss esho's ghost.
The rakshasa hits you but does no damage.
You block esho's ghost's attack. Esho's ghost hits you!
* * * LOW HITPOINT WARNING * * *
You block the rakshasa's attack.
Esho's ghost hits you but does no damage. x2
It was a potion of lignification.
You turn into a tree.
Your +0 helmet melds into your body.
Your +0 pair of boots melds into your body.
Your +0 plate armour melds into your body.
Your roots penetrate the ground.
The rakshasa hits you but does no damage.
You block esho's ghost's attack. x2
You hit the rakshasa but do no damage.
The rakshasa is severely wounded.
You closely miss the rakshasa. You miss esho's ghost. x2
The rakshasa hits you with a long sword!
* * * LOW HITPOINT WARNING * * *
Esho's ghost hits you!
You die...

..........................
.....R....................
#............. #.........
.##.....)R.......#.........
.................#.........
........§§§§.....#.........
###....§§§§...............
#..§§§RR##..............
#....§§♣##..............
#...(§WW§#.......##'####
#....##§##.......#......
#....#§§§#.......#......
#....#§§§#.#######...... #..#.#
#.#....##......
#..#.#####.#....##......
...#..#.......#............
######...+..#.......#.....(......


You could see 2 rakshasas and 2 esho's ghosts.

Vanquished Creatures
  A two-headed ogre (D:9)
  A centaur zombie (D:11)
  3 trolls
  2 hippogriffs
  A spriggan (D:7)
  A wraith (D:10)
  A wyvern (D:10)
  9 yaks (D:11)
  A vampire (D:10)
  Eustachio (D:4)
  3 ice beasts
  Purgy (Sewer)
  An orc warrior (D:7)
  7 sky beasts
  2 phantoms
  4 black bears
  7 centaurs
  9 ogres
  A big kobold (D:8)
  4 bullfrogs
  A gnoll sergeant (D:9)
  3 scorpions
  9 killer bees
  10 wights
  A howler monkey (D:7)
  4 electric eels
  9 crimson imps
  A quasit (D:8)
  3 hounds
  5 orc wizards
  A bullfrog skeleton (D:8)
  3 orc priests
  5 jellies
  A centaur skeleton (D:3)
  Natasha (twice) (D:3)
  8 worker ants
  A hound skeleton (D:7)
  2 howler monkey zombies
  A worker ant zombie (D:9)
  9 gnolls
  8 adders
  2 shadow imps
  3 worms
  A dart slug (D:1)
  8 leopard geckos
  43 orcs
  14 giant cockroaches
  5 goblins
  4 hobgoblins
  25 jackals
  10 kobolds
  5 quokkas
  3 bats
  7 frilled lizards
  A leopard gecko skeleton (D:7)
  19 rats
297 creatures vanquished.

Vanquished Creatures (others)
  A plant (D:7)
1 creature vanquished.

Grand Total: 298 creatures vanquished

Notes
Turn   | Place    | Note
-------+----------+-------------------------------------------
     0 | D:1      | Cykl0x the Gargoyle Fighter began the quest for the Orb.
     0 | D:1      | Reached XP level 1. HP: 14/14 MP: 1/1
   113 | D:1      | Reached XP level 2. HP: 19/19 MP: 2/2
   169 | D:1      | Reached skill level 2 in Axes
   170 | D:1      | Reached XP level 3. HP: 24/24 MP: 3/3
  1179 | D:3      | Reached XP level 4. HP: 29/29 MP: 4/4
  1342 | D:3      | Reached XP level 5. HP: 14/33 MP: 5/5
  1551 | D:3      | Reached skill level 3 in Axes
  1686 | D:3      | Noticed Natasha
  1691 | D:3      | Killed Natasha
  1765 | D:3      | Found a glowing drain.
  1780 | Sewer    | Entered a sewer
  2064 | Sewer    | Noticed Purgy
  2077 | Sewer    | Killed Purgy
  2077 | Sewer    | Reached XP level 6. HP: 23/39 MP: 6/6
  2213 | D:3      | Reached skill level 5 in Fighting
  2574 | D:3      | Noticed Natasha
  2582 | D:3      | Killed Natasha
  2730 | D:4      | Noticed Eustachio
  2770 | D:4      | Killed Eustachio
  2770 | D:4      | Reached skill level 4 in Axes
  2770 | D:4      | Reached XP level 7. HP: 31/44 MP: 7/7
  2842 | D:4      | Reached skill level 5 in Shields
  2878 | D:4      | Reached skill level 5 in Armour
  3538 | D:4      | Reached skill level 1 in Dodging
  3757 | D:5      | Entered Level 5 of the Dungeon
  3858 | D:5      | Reached skill level 5 in Axes
  3858 | D:5      | Reached XP level 8. HP: 45/50 MP: 8/8
  4938 | D:6      | Reached skill level 6 in Axes
  5462 | D:6      | Reached XP level 9. HP: 54/55 MP: 9/9
  5709 | D:6      | Found a snail-covered altar of Cheibriados.
  5718 | D:6      | Found a sparkling altar of Nemelex Xobeh.
  5718 | D:6      | Found a glowing golden altar of the Shining One.
  5718 | D:6      | Found a bloodstained altar of Trog.
  5719 | D:6      | Found a shadowy altar of Dithmenos.
  5720 | D:6      | Found a hide-covered altar of Uskayaw.
  5722 | D:6      | Found a white marble altar of Elyvilon.
  5724 | D:6      | Found a shimmering altar of Xom.
  5805 | D:7      | Found a staircase to the Ecumenical Temple.
  5813 | Temple   | Entered the Ecumenical Temple
  5854 | Temple   | Became a worshipper of Warmaster Okawaru
  5989 | D:7      | Reached skill level 7 in Axes
  6374 | D:7      | Reached * piety under Okawaru
  6846 | D:7      | Reached skill level 8 in Axes
  6918 | D:7      | Reached skill level 1 in Throwing
  6978 | D:7      | Found Tifen's Magic Scroll Boutique.
  6986 | D:7      | Bought a scroll of remove curse for 36 gold pieces
  6986 | D:7      | Bought a scroll of identify for 24 gold pieces
  6986 | D:7      | Bought a scroll of identify for 24 gold pieces
  7117 | D:8      | Reached ** piety under Okawaru
  7250 | D:8      | Reached XP level 10. HP: 29/63 MP: 7/10
  7583 | D:8      | Found a radiant altar of Vehumet.
  7735 | D:8      | Reached skill level 9 in Axes
  7769 | D:8      | Reached *** piety under Okawaru
  8361 | D:9      | Found an ancient bone altar of Kikubaaqudgha.
  8361 | D:9      | Found a blossoming altar of Fedhas.
  8365 | D:9      | Found a basalt altar of Yredelemnul.
  8437 | D:9      | Received a gift from Okawaru
  8453 | D:9      | Noticed a two-headed ogre
  8537 | D:9      | Found an opulent altar of Gozag.
  8706 | D:9      | Killed a two-headed ogre
  9022 | D:9      | Found a glowing golden altar of the Shining One.
  9455 | D:10     | Entered Level 10 of the Dungeon
  9579 | D:10     | Reached **** piety under Okawaru
  9604 | D:10     | Found a staircase to the Lair.
  9637 | D:10     | Reached skill level 10 in Axes
  9799 | D:10     | Received a gift from Okawaru
  9799 | D:10     | Reached XP level 11. HP: 54/68 MP: 11/11
 10417 | D:11     | Reached ***** piety under Okawaru
 10432 | D:11     | Reached skill level 1 in Stealth
 10752 | D:11     | Found a runed door.
 10753 | D:11     | Noticed a rakshasa
 10753 | D:11     | Noticed esho's ghost (journeyman MiBe)
 10808 | D:11     | Mangled by esho's ghost

Skill      XL: |  1  2  3  4  5  6  7  8  9 10 11 |
---------------+----------------------------------+-----
Axes           | 2 3 4 5 6 8 10 | 10.9
Armour         | 4 5 6 7 8 |  8.3
Fighting       | 4 5 6 7 8 |  8.3
Shields        | 4 5 6 7 8 9 |  9.8
Dodging        | 1 |  1.7
Throwing       | 1 |  1.4
Stealth        | 1 |  1.6

Action                   |  1- 3 |  4- 6 |  7- 9 | 10-12 || total
-------------------------+-------+-------+-------+-------++-------
Melee: War axe           |    87 |   215 |   472 |   516 ||  1290
Throw: Tomahawk          |       |       |    15 |       ||    15
       Javelin           |       |       |       |     2 ||     2
Invok: Heroism           |       |       |     2 |     1 ||     3
       Finesse           |       |       |       |     1 ||     1
  Use: Scroll            |     5 |     6 |     9 |     3 ||    23
       Potion            |       |     1 |     3 |     2 ||     6
  Eat: Chunk             |     1 |     5 |    16 |     9 ||    31
       Ration            |       |       |       |     1 ||     1
Armor: Chain mail        |    77 |   185 |    81 |       ||   343
       Plate armour      |       |       |   222 |   335 ||   557
       Skin              |       |       |       |     1 ||     1
Dodge: Dodged            |    33 |    65 |    92 |   100 ||   290
Block: Shield            |    60 |   163 |   288 |   372 ||   883
